 Dungeon Crawl Stone Soup version 0.24.0-10-g970556be89 (webtiles) character file.

Game seed: 3858749475541474336, levelgen mode: deterministic

6022 Peloso the Carver (level 10, -3/86 HPs)
             Began as a Minotaur Fighter on Nov 4, 2019.
             Was a High Priest of Okawaru.
             Slain by an orc warrior
             ... wielding a +0 battleaxe
              (12 damage)
             ... in a bailey.
             The game lasted 00:22:03 (7080 turns).

Peloso the Carver (Minotaur Fighter)                Turns: 7080, Time: 00:22:04

Health: -3/86      AC: 15    Str: 28    XL:     10   Next: 56%
Magic:  0/9        EV: 10    Int:  5    God:    Okawaru [*****.]
Gold:   284        SH: 12    Dex: 11    Spells: 9/9 levels left

rFire    . . .     SeeInvis .   a - +0 long sword
rCold    . . .     Gourm    .   c - +0 shield
rNeg     . . .     Faith    .   b - +0 plate armour
rPois    .         Spirit   +   (helmet restricted)
rElec    .         Reflect  .   (no cloak)
rCorr    .         Harm     .   y - +0 pair of gloves
MR       .....                  (no boots)
Stlth    ..........             E - amulet of guardian spirit
HPRegen  0.24/turn              H - +2 ring of evasion
MPRegen  0.11/turn              A - ring of wizardry

@: mighty
A: retaliatory headbutt, horns 2
a: Heroism, Finesse, Renounce Religion


You were in a bailey.
You worshipped Okawaru.
Okawaru was extremely pleased with you.
You were very full.

You visited 1 branch of the dungeon, and saw 9 of its levels.
You also visited: Ossuary and Bailey.

You collected 379 gold pieces.
You spent 95 gold pieces at shops.

Inventory:

Hand Weapons
 a - a +0 long sword (weapon)
 j - a +2 hand axe of electrocution
 w - a +0 hand axe of flaming
Armour
 b - a +0 plate armour (worn)
 c - a +0 shield (worn)
 y - a +0 pair of gloves (worn)
Jewellery
 h - an uncursed amulet of regeneration
 s - the ring of Psychosis {MP+9 Str-3 Int+6}
   (You took it off a crimson imp on level 5 of the Dungeon)

   [ring of magical power]

   It affects your strength (-3).
   It affects your intelligence (+6).
   It affects your magic capacity (+9).
 u - an uncursed amulet of the gourmand
 x - an uncursed ring of protection from fire
 A - a ring of wizardry (right hand)
 D - an uncursed amulet of harm
 E - an amulet of guardian spirit (around neck)
 F - an uncursed ring of protection from cold
 H - a +2 ring of evasion (left hand)
Wands
 o - a wand of enslavement (22)
 C - a wand of disintegration (13)
 G - a wand of polymorph (6)
Scrolls
 e - a scroll of identify
 i - 10 scrolls of remove curse
 k - 3 scrolls of fog {unknown}
 l - 6 scrolls of blinking
 m - a scroll of amnesia
 n - a scroll of fear
 r - 6 scrolls of teleportation {unknown}
 B - 2 scrolls of enchant weapon {unknown}
 I - a scroll of enchant armour
Potions
 d - a potion of might
 g - a potion of invisibility
 p - 6 potions of curing
 t - a potion of berserk rage
 v - a potion of haste
 z - 2 potions of ambrosia
 L - a potion of heal wounds
Miscellaneous
 J - a lightning rod (4/4)
Comestibles
 f - 13 rations
 K - 6 chunks of flesh


   Skills:
 + Level 7.5 Fighting
 + Level 12.6 Long Blades
 + Level 9.2 Armour
 + Level 3.2 Dodging
 + Level 0.6 Stealth
 + Level 9.2 Shields
 + Level 0.1 Invocations


You had 9 spell levels left.
You didn't know any spells.
Your spell library contained the following spells:

 Spells                   Type           Power        Failure   Level  Hunger
 Beastly Appendage        Tmut           #.....       98%         1    ##.....
 Flame Tongue             Conj/Fire      #....        98%         1    ##.....
 Sticks to Snakes         Tmut           #.......     99%         2    ###....
 Spider Form              Tmut/Pois      #.........   100%        3    ####...
 Cause Fear               Hex            #.........   100%        4    #####..
 Ice Form                 Ice/Tmut       #.......     100%        4    #####..
 Blade Hands              Tmut           #.........   100%        5    ######.
 Bolt of Fire             Conj/Fire      #.........   100%        6    #######
 Dragon Form              Tmut           #.........   100%        7    #######
 Dragon's Call            Summ           #.........   100%        9    #######


Dungeon Overview and Level Annotations

Branches:
Dungeon (9/15)             Temple (0/1) D:7            Lair (0/6) D:8
Ossuary (visited)          Bailey (1/1)
    Orc: D:9-12

Altars:
Gozag
Hepliaklqana
Kikubaaqudgha
Makhleb
Okawaru
Ru
Sif Muna
Vehumet

Shops:
D:8 *


Innate Abilities, Weirdness & Mutations

You reflexively headbutt those who attack you in melee.
You have a pair of horns on your head.


Message History

* * * LOW HITPOINT WARNING * * *
The goblin closely misses you. The hobgoblin barely misses you.
You miss the goblin. You block the orc warrior's attack.
You block the goblin's attack.
Unknown command.
You barely miss the orc warrior. Your headbutt misses the orc warrior.
You block the hobgoblin's attack. The goblin barely misses you.
You riposte.
You slash the goblin!
You kill the goblin!
Unknown command.
You slash the orc warrior!
The orc warrior is moderately wounded.
The orc warrior hits you with a +0 battleaxe!!
* * * LOW HITPOINT WARNING * * *
The hobgoblin hits you but does no damage.
You barely miss the orc warrior.
The orc warrior is moderately wounded.
You block the hobgoblin's attack.
The orc warrior hits you with a +0 battleaxe!
You die...

#!?∩?! !?...?
#...... .......
....... #######
g...⌠..
##.....##o......
#.......@)......
##......g##......
#.........# .....
##.........##
8.88
#.....⌠.....# +##
##.........##
#.........#
##.......##
#.......#


You could see an orc warrior, a gnoll and a hobgoblin.

Vanquished Creatures
  A two-headed ogre (D:8)
  An orc knight (Bailey)
  A troll (D:9)
  2 hippogriffs (D:7)
  A wraith (D:9)
  Duvessa (D:5)
  An orc warrior (Bailey)
  3 ice beasts
  2 phantoms
  2 sky beasts
  5 black bears
  6 ogres
  2 centaurs
  3 elf zombies (Ossuary)
  3 big kobolds (D:7)
  4 bullfrogs
  A water moccasin zombie (D:5)
  Dowan (D:5)
  3 scorpions
  A killer bee (D:7)
  2 howler monkeys
  2 crimson imps
  2 centaur zombies (Ossuary)
  2 hounds
  A quasit (D:7)
  A human zombie (Ossuary)
  3 jellies
  2 orc priests
  A bullfrog skeleton (D:9)
  2 iguanas
  4 orc wizards
  4 worker ants
  A killer bee zombie (D:6)
  4 big kobold zombies (Ossuary)
  A hound skeleton (D:4)
  A worker ant zombie (D:6)
  2 mummies (Ossuary)
  8 adders
  11 gnolls
  A howler monkey skeleton (D:4)
  2 shadow imps
  2 oozes (D:3)
  An adder skeleton (D:6)
  3 adder zombies (D:7)
  4 worms
  3 dart slugs
  2 leopard geckos
  24 orcs
  A ball python (D:3)
  11 bats
  6 giant cockroaches
  15 goblins
  11 hobgoblins
  8 jackals
  6 quokkas
  8 frilled lizards
  A goblin zombie (Ossuary)
  5 hobgoblin zombies (Ossuary)
  A jackal zombie (Ossuary)
  8 kobolds
  9 kobold zombies (Ossuary)
  2 leopard gecko skeletons (D:7)
  11 orc zombies (Ossuary)
  6 rats
249 creatures vanquished.

Vanquished Creatures (others)
  A dart slug (D:1)
  A goblin (D:1)
2 creatures vanquished.

Grand Total: 251 creatures vanquished

Notes
Turn   | Place    | Note
-------+----------+-------------------------------------------
     0 | D:1      | Peloso the Minotaur Fighter began the quest for the Orb.
     0 | D:1      | Reached XP level 1. HP: 19/19 MP: 0/0
    54 | D:1      | Reached XP level 2. HP: 14/27 MP: 1/1
   935 | D:2      | Reached XP level 3. HP: 25/33 MP: 2/2
   938 | D:2      | Reached skill level 3 in Long Blades
  1015 | D:2      | Reached XP level 4. HP: 39/40 MP: 3/3
  1046 | D:2      | You fall into a shaft and drop 1 floor!
  1489 | D:3      | Reached skill level 4 in Long Blades
  1489 | D:3      | Reached XP level 5. HP: 38/46 MP: 4/4
  1648 | D:2      | Noticed an ogre
  1663 | D:2      | Killed an ogre
  1663 | D:2      | Reached skill level 1 in Dodging
  1663 | D:2      | Reached skill level 5 in Shields
  1901 | D:2      | Noticed an ogre
  1910 | D:2      | Killed an ogre
  1910 | D:2      | Reached skill level 5 in Long Blades
  1910 | D:2      | Reached skill level 5 in Armour
  1910 | D:2      | Reached XP level 6. HP: 8/53 MP: 5/5
  2122 | D:4      | Noticed a sky beast
  2140 | D:4      | Killed a sky beast
  2251 | D:4      | Found a hazy altar of Hepliaklqana.
  2628 | D:4      | Reached skill level 6 in Long Blades
  2628 | D:4      | Reached XP level 7. HP: 54/60 MP: 6/6
  3065 | D:5      | Entered Level 5 of the Dungeon
  3065 | D:5      | Noticed Duvessa
  3065 | D:5      | Noticed Dowan
  3089 | D:5      | Killed Dowan
  3094 | D:5      | Killed Duvessa
  3094 | D:5      | Reached skill level 7 in Long Blades
  3123 | D:5      | Reached skill level 5 in Fighting
  3127 | D:5      | Identified the ring of Psychosis {MP+9 Str-3 Int+6}
  3128 | D:5      | Found an iron altar of Okawaru.
  3173 | D:5      | Became a worshipper of Warmaster Okawaru
  3205 | D:5      | Reached XP level 8. HP: 65/68 MP: 7/7
  3303 | D:5      | Found a sand-covered staircase.
  3310 | Ossuary  | Entered an ossuary
  3513 | Ossuary  | Reached skill level 8 in Long Blades
  3615 | Ossuary  | Reached * piety under Okawaru
  3740 | D:5      | Found an ancient bone altar of Kikubaaqudgha.
  4196 | D:5      | Reached skill level 9 in Long Blades
  4427 | D:6      | Found a burning altar of Makhleb.
  4590 | D:6      | Found an opulent altar of Gozag.
  4596 | D:6      | Found a radiant altar of Vehumet.
  4645 | D:6      | Reached XP level 9. HP: 72/75 MP: 8/8
  5020 | D:7      | Found a staircase to the Ecumenical Temple.
  5058 | D:7      | Reached ** piety under Okawaru
  5058 | D:7      | Reached skill level 10 in Long Blades
  5333 | D:7      | Reached skill level 11 in Long Blades
  5361 | D:7      | Reached *** piety under Okawaru
  5374 | D:7      | Got an ancient dire flail
  5402 | D:7      | Identified the +1 dire flail of Regicide {crush, Fragile
                  | rN++ MR++} (You found it on level 7 of the Dungeon)
  5517 | D:7      | Found a sacrificial altar of Ru.
  6140 | D:8      | Found a shimmering blue altar of Sif Muna.
  6207 | D:8      | Reached XP level 10. HP: 84/84 MP: 9/9
  6294 | D:8      | Noticed a two-headed ogre
  6307 | D:8      | Killed a two-headed ogre
  6307 | D:8      | Reached **** piety under Okawaru
  6414 | D:8      | Found Tooq's General Store.
  6422 | D:8      | Bought a scroll of enchant armour for 75 gold pieces
  6422 | D:8      | Bought a scroll of identify for 20 gold pieces
  6444 | D:8      | Reached skill level 12 in Long Blades
  6659 | D:8      | Found a staircase to the Lair.
  6774 | D:9      | Found a flagged portal.
  6793 | Bailey   | Entered a bailey
  7058 | Bailey   | Noticed an orc knight
  7069 | Bailey   | Killed an orc knight
  7073 | Bailey   | Reached ***** piety under Okawaru
  7080 | Bailey   | Slain by an orc warrior

Levels and vault maps discovered:
D:1:      dpeg_arrival_chase, layout_loops_ring, chequers_serial_rivers_large_a,
          st_stairs_4, grunt_decor_cap, lemuel_flame_loot_1
D:2:      layout_loops_ring
D:3:      layout_basic, first_ration
D:4:      layout_loops_ring, nicolae_overflow_hidden_temple
D:5:      layout_loops_ring, old_standard_altar, kennysheep_okawaru_gauntlet,
          nicolae_ossuary_entry_false_entrances, uniq_duvessa
D:6:      layout_basic, bloody_makhleb, kennysheep_mini_moat, basic_altar
D:7:      minmay_the_grid_triangle_9x9_rhombus_thin
          [minmay_the_grid_triangle_9x9_dagger,
          minmay_the_grid_triangle_9x9_prize_schism,
          minmay_the_grid_triangle_9x9_sparse_checkered,
          minmay_the_grid_triangle_9x9_alien], layout_basic,
          lemuel_doored_altar, minmay_temple_entry_tees
D:8:      layout_cave_pools, old_standard_altar, lair_entry_dummy, serial_shops,
          nicolae_shop_statue_plus
D:9:      layout_small_grid, gammafunk_temple_overflow_elements, enter_bailey_2,
          uniq_gastronok
Bailey:   bailey_axe_minmay_hex_keep, bailey

Skill      XL: |  1  2  3  4  5  6  7  8  9 10 |
---------------+-------------------------------+-----
Shields        | 4 5 6 7 8 9 |  9.2
Fighting       | 4 5 6 7 |  7.5
Armour         | 4 5 6 7 8 9 |  9.2
Long Blades    | 3 4 5 6 7 9 11 12 | 12.6
Dodging        | 1 2 3 |  3.2
Stealth        | |  0.6
Invocations    | |  0.1

Action                   |  1- 3 |  4- 6 |  7- 9 | 10-12 || total
-------------------------+-------+-------+-------+-------++-------
Melee: Long sword        |    87 |   177 |   552 |   141 ||   957
       Headbutt          |    11 |    33 |   121 |    26 ||   191
Invok: Heroism           |       |       |       |     2 ||     2
  Use: Potion            |       |     4 |     1 |     1 ||     6
       Scroll            |       |     1 |     2 |    10 ||    13
  Eat: Chunk             |       |     6 |    16 |     9 ||    31
Armor: Scale mail        |    53 |    30 |       |       ||    83
       Plate armour      |       |    47 |   259 |    42 ||   348
Dodge: Dodged            |    43 |    44 |   101 |    39 ||   227
Block: Shield            |    74 |    82 |   289 |    91 ||   536
       Rpst.: Long sword |    13 |    16 |    23 |    10 ||    62
